omghax, neutral male scurrid Tourist -.----- --- |.......... .@.....{..| |.....<.... ----------- omghax the Rambler Experience level: 1 Strength: 9 Dexterity: 13 Constitution: 14 Intelligence: 12 Wisdom: 10 Charisma: 17 Health: 9(9) Energy: 2(2) Def: 0 Gold: 1103 Moves: 67 Dungeon seed: BGhuSG6PuzZp1Rqh Game ID: omghax_1498611655 Your Inventory: Coins $ - 1103 gold pieces Weapons a - 43 blessed +2 darts (in quiver) Armor e - an uncursed +0 Hawaiian shirt (being worn) Comestibles b - 3 uncursed food rations c - 2 uncursed tripe rations d - 3 uncursed eggs f - an uncursed tin of newt meat g - 2 uncursed bananas h - an uncursed candy bar Scrolls j - a blessed scroll of magic mapping k - 3 uncursed scrolls of magic mapping Potions i - 2 uncursed potions of extra healing p - an uncursed potion of sleeping Wands n - an uncursed wand of secret door detection (0:15) Tools l - an uncursed expensive camera (0:39) m - an uncursed credit card o - an uncursed tin opener Spells and supernatural/magical abilities: Name Level Category Fail Memory W - pray for help -- divine ? -- Your skills at the end: Miscellaneous Skills wands [Basic] Weapon Skills dart [Basic] Spellcasting Skills Final Attributes: You were devoutly aligned. You had infravision. You were very stealthy. You survived. Vanquished creatures: a newt a goblin 2 creatures vanquished. Voluntary challenges: You went without food. You did not adorn yourself with jewelry or accessories. You did not cause conflict. You were not invisible. You did not have reflection. You were not displaced. You were an atheist. You never hit with a wielded weapon. You were a pacifist. You did not use tools. You did not use plumbed fixtures. You did not drink any magical draughts. You were illiterate. You never genocided any monsters. You never polymorphed an object. You never changed form. You used no wishes. You never split a pudding. You never wrote Elbereth's name. You never violated your personal moral code. Dungeon overview: The Dungeons of Doom: levels 1 to 19 Level 1 a long staircase Level 2 Level 3 Level 4 a fountain Level 5 Level 6 Level 7 Level 8 Level 9 Level 10 Level 11 an altar to Blind Io Level 12 Level 13 Level 14 Level 15 Level 16 Level 17 Level 18 Level 19 <- You were here a fountain History has recorded: On T:1 you entered the Dungeons of Doom to retrieve the Amulet of Yendor! On T:27 you reached level 2 of The Dungeons of Doom. On T:29 you reached level 3 of The Dungeons of Doom. On T:31 you reached level 4 of The Dungeons of Doom. On T:34 you reached level 5 of The Dungeons of Doom. On T:36 you reached level 6 of The Dungeons of Doom. On T:38 you reached level 7 of The Dungeons of Doom. On T:40 you reached level 8 of The Dungeons of Doom. On T:43 you reached level 9 of The Dungeons of Doom. On T:45 you reached level 10 of The Dungeons of Doom. On T:49 you reached level 11 of The Dungeons of Doom. On T:51 you reached level 12 of The Dungeons of Doom. On T:53 you reached level 13 of The Dungeons of Doom. On T:55 you reached level 14 of The Dungeons of Doom. On T:58 you reached level 15 of The Dungeons of Doom. On T:60 you reached level 16 of The Dungeons of Doom. On T:62 you reached level 17 of The Dungeons of Doom. On T:64 you reached level 18 of The Dungeons of Doom. On T:64 you entered the Rogue tribute level. On T:67 you reached level 19 of The Dungeons of Doom. Score breakdown: Gold: 421 ( 42 points) Experience: 1 level ( 0 points) Exploration: 19 levels ( 540 points) Discoveries: 1 item ( 50 points) Variety of kills: 2 monsters ( 100 points) Major goal: (nothing yet) ( 0 points) Survival: quit (score multiplied by 3) Total score: 2196 Latest messages: You fall through... You start digging downward. You continue digging downward. You dig a pit in the floor. You continue digging downward. You dig a hole through the floor. You fall through... You start digging downward. You continue digging downward. You dig a pit in the floor. You continue digging downward. You dig a hole through the floor. You fall through... You enter what seems to be an older, more primitive world. $ - 421 gold pieces. You start digging downward. You continue digging downward. You dig a pit in the floor. You continue digging downward. You dig a hole through the floor. You fall through... That command is only available in debug mode. Final status: Aloha omghax the Tourist, quit... You quit in The Dungeons of Doom on dungeon level 19 with 2196 points, and 1103 pieces of gold, after 67 moves. You were level 1 with a maximum of 9 hit points when you quit.